 Dungeon Sprint DCSS version 0.30-a0-596-g0af90f9a20 (webtiles) character file.

Game seed: 16600052750567925766

1401 rocky1 the Fencer (level 8, -4/69 HPs)
             Began as a Merfolk Gladiator on Jan 7, 2023.
             Was an Initiate of Gozag.
             Slain by a boulder beetle (19 damage)
             ... in the Dungeon (Sprint IX: "|||||||||||||||||||||||||||||").
             The game lasted 00:02:49 (657 turns).

rocky1 the Fencer (Merfolk Gladiator)                Turns: 657, Time: 00:02:50

Health: -4/69      AC:  4    Str: 14    XL:     8   Next: 69%
Magic:  8/8        EV: 19    Int:  8    God:    Gozag
Gold:   486        SH:  0    Dex: 17    Spells: 7/7 levels left

rFire   . . .      SeeInvis .    r - +2 scimitar (flame)
rCold   . . .      Faith    .    (no shield)
rNeg    . . .      Spirit   .    b - +0 leather armour
rPois   .          Reflect  .    c - +0 helmet
rElec   .          Harm     .    (no cloak)
rCorr   .          Rampage  .    (no gloves)
Will    .....      NoTele   +    (no boots)
Stlth   +                        (no amulet)
HPRegen 0.31/turn                (no ring)
MPRegen 0.11/turn                (no ring)

@: no status effects
A: (nimble swimmer 2), mertail
a: Renounce Religion, Potion Petition, Call Merchant, Bribe Branch


You were in the Dungeon.
You worshipped Gozag.
Gozag was aware of your devotion.
You visited 1 branch You collected 486 gold pieces.

Inventory:

Hand Weapons
 a - a +0 long sword
 r - a +2 scimitar of flaming (weapon)
 s - a +2 halberd of venom
Missiles
 d - 2 throwing nets (quivered)
 e - a javelin
Armour
 b - a +0 leather armour (worn)
 c - a +0 helmet (worn)
 p - a +2 ring mail
 q - a +0 cloak
Jewellery
 n - a +3 ring of strength
 o - a +2 ring of protection
Wands
 m - a wand of light (10)
Scrolls
 k - a scroll of blinking
 l - 2 scrolls of amnesia
Potions
 f - 5 potions of curing
 g - 3 potions of heal wounds
 i - 4 potions of magic


   Skills:
 * Level 8.5 Fighting
 * Level 15.7 Long Blades
 - Level 2.1 Throwing
 * Level 4.6 Armour
 * Level 12.8 Dodging


You had 7 spell levels left.
You didn't know any spells.
Your spell library was empty.

Dungeon Overview and Level Annotations

Branches:
Dungeon (1/1)

Altars:
Cheibriados
Dithmenos
Elyvilon
Fedhas
Gozag
Hepliaklqana
Kikubaaqudgha
Makhleb
Nemelex Xobeh
Okawaru
Qazlal
Ru
Sif Muna
Trog
Uskayaw
Vehumet
Wu Jian
Xom
Yredelemnul
Zin
The Shining One
Jiyva
Lugonu


Innate Abilities, Weirdness & Mutations

((You are very nimble when in or above water. (Stealth+, EV+, Speed+++)))
Your lower body shifts to a powerful aquatic tail in water.


Message History

The boulder beetle struggles against the net.
The boulder beetle struggles against the net.
You close the door, pushing everything out of the way.
You see here a +0 shortbow.
You see here a +0 helmet.
Items here: )))).
There is an open door here.
There is a glowing golden altar of the Shining One here.
You close the door.
You start resting.
Your extra speed is starting to run out.
You start resting.
You feel yourself slow down.
You start resting.
HP restored.
You open the door.
There is an open door here.
Items here: )))).
You see here a +0 helmet.
You see here a +0 shortbow.
You open the door.
The boulder beetle curls into a ball and begins rolling!
You see here a +0 helmet.
You barely miss the boulder beetle. The boulder beetle hits you!!!
Ouch! That really hurt!
The boulder beetle stops rolling and uncurls.
You hit the boulder beetle but do no damage.
The boulder beetle closely misses you.
You slash the boulder beetle! You burn the boulder beetle.
The boulder beetle is lightly wounded.
You hit the boulder beetle but do no damage.
The boulder beetle is lightly wounded.
The boulder beetle bites you!
* * * LOW HITPOINT WARNING * * *
You hit the boulder beetle but do no damage.
You punch the boulder beetle.
The boulder beetle is lightly wounded.
The boulder beetle bites you!!
You die...
Your body crumbles into a pile of gold. ▓▓▓▓▓▓▓▓▓▓▓▓▓▓▓▓▓▓▓▓▓▓▓▓▓▓▓▓▓▓▓▓▓ WHC§C....[')..[B@)..'____________ ▓▓▓▓▓▓▓▓▓▓▓▓▓▓▓▓▓▓▓▓▓▓▓▓▓▓▓▓▓▓▓▓▓ $ $$ $ $$$$$ $ $ $ $$$$$ $$$$$$$$$$$

You could see a boulder beetle.

Vanquished Creatures
  A two-headed ogre (D)
  A cyclops (D)
  A wraith (D)
  An ogre (D)
  A centaur (D)
  A phantom (D)
  A killer bee (D)
  2 orc wizards (D)
  3 adders (D)
  An endoplasm (D)
  2 giant cockroaches (D)
  A goblin (D)
  A hobgoblin (D)
17 creatures vanquished.

Notes
Turn   | Place    | Note
-------+----------+-------------------------------------------
     0 | D        | rocky1 the Merfolk Gladiator began the quest for the Orb.
     0 | D        | Reached XP level 1. HP: 16/16 MP: 1/1
     9 | D        | Reached skill level 4 in Long Blades
    15 | D        | Reached skill level 5 in Dodging
    15 | D        | Reached XP level 2. HP: 13/23 MP: 2/2
    63 | D        | Noticed an ogre
    63 | D        | Noticed a phantom
    67 | D        | Killed a phantom
    68 | D        | Reached skill level 7 in Long Blades
    68 | D        | Reached skill level 1 in Armour
    68 | D        | Reached XP level 3. HP: 30/30 MP: 3/3
    68 | D        | Reached XP level 4. HP: 37/37 MP: 4/4
    71 | D        | Killed an ogre
    72 | D        | Reached skill level 9 in Long Blades
    72 | D        | Reached XP level 5. HP: 43/43 MP: 5/5
    80 | D        | Reached skill level 10 in Long Blades
    86 | D        | Found a snail-covered altar of Cheibriados.
    86 | D        | Found a shadowy altar of Dithmenos.
    86 | D        | Found a white marble altar of Elyvilon.
    86 | D        | Found a blossoming altar of Fedhas.
    86 | D        | Found an opulent altar of Gozag.
    87 | D        | Found a hazy altar of Hepliaklqana.
    88 | D        | Found a viscous altar of Jiyva.
    89 | D        | Found an ancient bone altar of Kikubaaqudgha.
    90 | D        | Found a corrupted altar of Lugonu.
   237 | D        | Found a burning altar of Makhleb.
   238 | D        | Found a sparkling altar of Nemelex Xobeh.
   239 | D        | Found an iron altar of Okawaru.
   240 | D        | Became a worshipper of Gozag Ym Sagoz the Greedy
   241 | D        | Found a stormy altar of Qazlal.
   242 | D        | Found a sacrificial altar of Ru.
   243 | D        | Found a shimmering blue altar of Sif Muna.
   244 | D        | Found a bloodstained altar of Trog.
   245 | D        | Found a hide-covered altar of Uskayaw.
   246 | D        | Found a radiant altar of Vehumet.
   247 | D        | Found an ornate altar of the Wu Jian Council.
   248 | D        | Found a shimmering altar of Xom.
   249 | D        | Found a basalt altar of Yredelemnul.
   250 | D        | Found a glowing silver altar of Zin.
   251 | D        | Found a glowing golden altar of the Shining One.
   404 | D        | Noticed a wraith
   404 | D        | Noticed a two-headed ogre
   404 | D        | Noticed a centaur
   407 | D        | Killed a centaur
   408 | D        | Reached skill level 5 in Fighting
   408 | D        | Reached XP level 6. HP: 51/51 MP: 6/6
   410 | D        | Reached skill level 11 in Long Blades
   413 | D        | Reached skill level 10 in Dodging
   416 | D        | Killed a two-headed ogre
   417 | D        | Reached skill level 14 in Long Blades
   417 | D        | Reached XP level 7. HP: 60/60 MP: 7/7
   417 | D        | Reached XP level 8. HP: 67/67 MP: 8/8
   433 | D        | Killed a wraith
   446 | D        | Noticed a kobold demonologist
   446 | D        | Noticed a wraith
   446 | D        | Noticed a manticore
   446 | D        | Noticed a cyclops
   446 | D        | Noticed a boulder beetle
   446 | D        | Noticed a cyclops
   453 | D        | Killed a cyclops
   454 | D        | Reached skill level 15 in Long Blades
   463 | D        | Noticed an orange demon
   657 | D        | Slain by a boulder beetle

Illustrated notes

Levels and vault maps discovered:
D:        linesprint [early_d, line_temple, items_1, d_10, items_2, lair_1,
          lair_end, items_3, orc_1, orc_end, items_4, d_15, swamp_1, shoals_1,
          snake_1, spider_1, d_20, vaults_1, items_5, swamp_end, shoals_end,
          snake_end, spider_end, vaults_end, d_27, items_6, zot_1, zot_end,
          crypt_end, forest_end, elf_end, slime_end, tomb_end, abyss_end,
          pan_hell_end]

Skill      XL: |  1  2  3  4  5  6  7  8 |
---------------+-------------------------+-----
Long Blades    | 4 7 9 10 14 15 | 15.7
Dodging        | 5 7 8 9 11 12 | 12.8
Fighting       | 3 4 5 7 8 |  8.5
Armour         | 1 2 4 |  4.6
Throwing       | |  2.1

Action                   |  1- 3 |  4- 6 |  7- 9 || total
-------------------------+-------+-------+-------++-------
Melee: Long sword        |    13 |    12 |       ||    25
       Scimitar          |       |    10 |    39 ||    49
       Punch             |       |       |     1 ||     1
Throw: Throwing net      |       |       |     1 ||     1
  Use: Potion            |     1 |     1 |     1 ||     3
       Scroll            |       |       |     1 ||     1
 Stab: Invisible         |       |     1 |     1 ||     2
Armor: Leather armour    |     3 |       |       ||     3
Dodge: Dodged            |     3 |    14 |    15 ||    32

Table legend: (Time is in decaauts)
 A = Elapsed time spent in this place.
 B = Non-inter-level travel time spent in this place.
 C = Inter-level travel time spent in this place.
 D = Time resting spent in this place.
 E = Time spent auto-exploring this place.
 F = Levels seen in this place.
 G = Mean time per level.
                   A        B        C        D        E       F      G
               +--------+--------+--------+--------+--------+-----+--------+
         Total |    645 |    645 |      0 |    448 |      3 |   1 |  645.0 |
       Dungeon |    645 |    645 |      0 |    448 |      3 |   1 |  645.0 |
               +--------+--------+--------+--------+--------+-----+--------+

Top non-repeatable levels by time:
       D: 645 daAuts
